 Dungeon Sprint DCSS version 0.31-a0-128-g25add195a6 (webtiles) character file.

Game seed: 2217384066487927261

69094 rocky1 the Executioner (level 14, -4/149 HPs)
             Began as a Minotaur Gladiator on June 2, 2023.
             Was the Champion of Okawaru.
             Killed from afar by a balrug (16 damage)
             ... with a fireball
             ... in the Dungeon (Sprint VII: "The Pits").
             The game lasted 00:22:29 (6022 turns).

rocky1 the Executioner (Minotaur Gladiator)         Turns: 6022, Time: 00:22:29

Health: -4/149     AC: 30    Str: 25    XL:     14   Next: 89%
Magic:  25/25      EV: 18    Int:  5    God:    Okawaru [******]
Gold:   65         SH:  0    Dex: 11    Spells: 13/13 levels left

rFire   + . .        J - +2 executioner's axe (heavy)
rCold   . . .        (shield currently unavailable)
rNeg    . . .        D - +3 storm dragon scales
rPois   +            o - +0 hat "Koph" {rF+ Will+ SInv}
rElec   +            A - +1 cloak
rCorr   .            r - +2 pair of gloves {hurl}
SInv    +            z - +0 pair of boots
Will    ++...        (no amulet) Stlth
                     H - ring of poison resistance
HPRegen 0.44/turn    t - +3 ring of evasion
MPRegen 0.19/turn

%: no teleportation
@: studying Maces & Flails
A: horns 2, retaliatory headbutt
a: Renounce Religion, Heroism, Finesse


You were in the Dungeon.
You worshipped Okawaru.
Okawaru was exalted by your worship.
You visited 1 branch You collected 65 gold pieces.

Inventory:

Hand Weapons
 a - a +1 scimitar of flaming
 c - the +5 battleaxe of Eternal Vigilance {flame, rElec Will+ Dex+3}
   (Okawaru gifted it to you in the Dungeon)

   Dex:       It affects your dexterity (+3).
   rElec:     It insulates you from electricity.
   Will:      It increases your willpower.
 n - a +1 dire flail of draining
 J - a +2 heavy executioner's axe (weapon)
 K - a +3 arbalest of freezing
 L - the +9 orcbow of Kogon {freeze, +Blink}
   (You found it in the Dungeon)

   +Blink:    It lets you blink.
Missiles
 d - 2 throwing nets
 e - 7 silver javelins
 j - a datura-tipped dart
 p - a silver boomerang
 q - 4 boomerangs
 F - a javelin (quivered)
Armour
 o - the +0 hat "Koph" (worn) {rF+ Will+ SInv}
   (Okawaru gifted it to you in the Dungeon)

   rF:        It protects you from fire.
   SInv:      It lets you see invisible.
   Will:      It increases your willpower.
 r - a +2 pair of gloves of hurling (worn)
 z - a +0 pair of boots (worn)
 A - a +1 cloak (worn)
 D - +3 storm dragon scales (worn)
 M - the +2 pair of gloves of Springtime {rCorr}
   (You found it in the Dungeon)

   rCorr:     It protects you from acid and corrosion.
 N - the +8 plate armour of the Orcish Mines {rF+}
   (You found it in the Dungeon)

   rF:        It protects you from fire.
Jewellery
 s - a +3 ring of protection
 t - a +3 ring of evasion (right hand)
 y - a ring of resist corrosion
 H - a ring of poison resistance (left hand)
Wands
 b - a wand of polymorph (4)
 E - a wand of iceblast (9)
 G - a wand of acid (4)
Scrolls
 k - 4 scrolls of blinking
 m - 5 scrolls of amnesia
 x - 2 scrolls of fear
 B - 2 scrolls of enchant armour
Potions
 f - 9 potions of curing
 h - 2 potions of haste
 i - 4 potions of magic
 l - a potion of invisibility
 u - 3 potions of might
 v - 3 potions of mutation
 w - a potion of enlightenment
 C - 2 potions of brilliance


   Skills:
 + Level 20.3 Fighting
 * Level 26.7 Axes
 + Level 17.4 Throwing
 + Level 19.6 Armour
 + Level 18.4 Dodging
 + Level 16.6 Invocations


You had 13 spell levels left.
You didn't know any spells.
Your spell library contained the following spells:

 Spells                   Type           Power      Damage    Failure   Level
 Slow                     Hex            0%         N/A       86%         1
 Ensorcelled Hibernation  Hex/Ice        0%         N/A       95%         2
 Dazzling Flash           Conj/Hex       0%         N/A       99%         3
 Passage of Golubria      Tloc           0%         N/A       100%        4
 Silence                  Hex/Air        0%         N/A       100%        5
 Enfeeble                 Hex            0%         N/A       100%        7
 Lehudib's Crystal Spear  Conj/Erth      0%         10d2      100%        8


Dungeon Overview and Level Annotations

Branches:
Dungeon (1/1)

Altars:
Ashenzari
Cheibriados
Dithmenos
Elyvilon
Fedhas
Gozag
Hepliaklqana
Kikubaaqudgha
Makhleb
Nemelex Xobeh
Okawaru
Qazlal
Ru
Sif Muna
Trog
Uskayaw
Vehumet
Wu Jian
Xom
Yredelemnul
Zin
The Shining One
Jiyva
Lugonu


Innate Abilities, Weirdness & Mutations

You have a pair of horns on your head.
You reflexively headbutt those who attack you in melee.


Message History

Something appears at your feet!
You closely miss the hell hog. You headbutt the hell hog.
The hell hog is lightly wounded.
The hell hog closely misses you. You furiously retaliate!
You headbutt the hell hog!
A balrug comes into view.
It is wielding a +0 demon whip of electrocution.
The hell hog breathes fire at you.
The fireball explodes!
The fireball engulfs you. You resist.
* * * LOW HITPOINT WARNING * * *
The fireball engulfs the hell hog.
The hell hog completely resists.
Unknown command.
You carve the hell hog like the proverbial ham!!!
You headbutt the hell hog.
You kill the hell hog!
Okawaru accepts your kill. The balrug gestures at you.
The fireball explodes!
The fireball engulfs you! You resist.
* * * LOW HITPOINT WARNING * * *
You hear a deafening roar!
You feel much better. The balrug closely misses you.
Unknown command.
You slice the balrug!!
You headbutt the balrug, but do no damage.
The balrug is heavily wounded.
The balrug gestures at you.
The fireball explodes!
The fireball engulfs you! You resist.
* * * LOW HITPOINT WARNING * * *
The fireball engulfs the balrug.
The balrug completely resists.
You barely miss the balrug.
The balrug is heavily wounded.
The balrug hits you with a +0 demon whip of electrocution.
* * * LOW HITPOINT WARNING * * *
You are engulfed in flames!
You resist.
* * * LOW HITPOINT WARNING * * *
Unknown command.
You hit the balrug but do no damage.
The balrug is heavily wounded.
The balrug gestures at you.
The fireball explodes!
The fireball engulfs you! You resist.
You die...

*,,,,,,,,,** **,,,,,,,,,,,,,,,,,*
**,,,,,,,** **,,,,,,,,,,,,,,,**
********* *****************
************###################
,,,,,,,,+,,,....#....#(}[.....# *
,,,,,,,,*,,,,........#........#**
*********,,,,,,,#....#.......|#*,
,,,,,,,,*,,,#+###2...'.......[#*,
,,,,,,,,*,,,#..[@....#######.##*,
*********.###..##.............#**
*,,,*,,,,......##†............# *
*,,,,,,,,......))##'#####)#####
+,,,****+###.#..)#.....#.(.)..###
*,,,*,,,,,,,,#........)...)...##.
*,,,,,,,,,,,,#...#............##.
*,,,,,,,,,.......#.....#.)....''.
,,,,*,,,,|)(|#...#.[...#......''.


You could see a balrug.

Vanquished Creatures
  A Killer Klown (D)
  A storm dragon (D)
  2 death cobs (D)
  A shadow dragon (D)
  A daeva (D)
  A draconian shifter (D)
  An emperor scorpion (D)
  2 orc warlords (D)
  2 spriggan defenders (D)
  A stone giant (D)
  A vampire knight (D)
  A green draconian (D)
  2 white draconians (D)
  An ettin (D)
  A minotaur (D)
  An eidolon (D)
  3 fire dragons (D)
  A mummy priest (D)
  A great orb of eyes (D)
  A yaktaur captain (D)
  A rakshasa (D)
  2 hydras (D)
  3 vault guards (D)
  An ogre mage (D)
  Erica (D)
  A catoblepas (D)
  3 boulder beetles (D)
  2 naga warriors (D)
  A death knight (D)
  A dancing weapon (D)
  6 two-headed ogres (D)
  2 deep troll shamans (D)
  3 death yaks (D)
  6 hell knights (D)
  2 demonic crawlers (D)
  3 hell hogs (D)
  A deep elf knight (D)
  A fire crab (D)
  Nergalle (D)
  A sun demon (D)
  An iron troll (D)
  A deep troll (D)
  A bog body (D)
  A deep elf zephyrmancer (D)
  12 orc knights (D)
  8 harpies (D)
  An ugly thing (D)
  2 necromancers (D)
  2 cyclopes (D)
  A black mamba (D)
  A merfolk siren (D)
  A salamander (shapeshifter) (D)
  A guardian serpent (D)
  An eye of devastation (D)
  2 orange demons (D)
  A freezing wraith (D)
  2 efreet (D)
  2 komodo dragons (D)
  A polar bear (D)
  4 trolls (D)
  A tyrant leech (D)
  A hellwing (D)
  A tarantella (D)
  Prince Ribbit (D)
  4 dream sheep (D)
  A jumping spider (D)
  A flying skull (D)
  A wyvern (D)
  12 slime creatures (D)
  A vampire (D)
  3 yaks (D)
  A ynoxinul (D)
  A water elemental (D)
  3 fire elementals (D)
  A steam dragon (D)
  A basilisk (D)
  2 vampire mosquitoes (D)
  3 wargs (D)
  3 acid dragons (D)
  4 floating eyes (D)
  6 wolves (D)
  Blork the orc (D)
  A phantom (D)
  An earth elemental (D)
  3 scorpions (D)
  2 quasits (D)
  A jelly (D)
  4 orc priests (D)
  A gnoll bouda (D)
  4 orc wizards (D)
  2 mummies (D)
  6 gnolls (D)
  A river rat (D)
  2 ufetubi (D)
  An adder skeleton (D)
  11 orcs (D)
  A ball python (D)
  A bat skeleton (D)
  A bat zombie (D)
  2 endoplasms (D)
  A giant cockroach (D)
  A goblin (D)
  A hobgoblin (D)
  2 quokkas (D)
  A jackal simulacrum (D)
  A quokka zombie (D)
219 creatures vanquished.

Vanquished Creatures (others)
  A bat skeleton (D)
  A jackal simulacrum (D)
2 creatures vanquished.

Grand Total: 221 creatures vanquished

Notes
Turn   | Place    | Note
-------+----------+-------------------------------------------
     0 | D        | rocky1 the Minotaur Gladiator began the quest for the Orb.
     0 | D        | Reached XP level 1. HP: 18/18 MP: 0/0
    18 | D        | Reached skill level 4 in Axes
    18 | D        | Reached skill level 1 in Armour
    18 | D        | Reached XP level 2. HP: 12/26 MP: 1/1
   278 | D        | Found a bloodstained altar of Trog.
   278 | D        | Found a shimmering blue altar of Sif Muna.
   278 | D        | Found a viscous altar of Jiyva.
   278 | D        | Found a hazy altar of Hepliaklqana.
   278 | D        | Found an opulent altar of Gozag.
   279 | D        | Found a glowing golden altar of the Shining One.
   279 | D        | Found a glowing silver altar of Zin.
   279 | D        | Found a basalt altar of Yredelemnul.
   279 | D        | Found a shimmering altar of Xom.
   279 | D        | Found an ornate altar of the Wu Jian Council.
   279 | D        | Found a sacrificial altar of Ru.
   279 | D        | Found a stormy altar of Qazlal.
   279 | D        | Found an iron altar of Okawaru.
   279 | D        | Found a sparkling altar of Nemelex Xobeh.
   279 | D        | Found a burning altar of Makhleb.
   279 | D        | Found a blossoming altar of Fedhas.
   279 | D        | Found a white marble altar of Elyvilon.
   279 | D        | Found a shadowy altar of Dithmenos.
   279 | D        | Found a snail-covered altar of Cheibriados.
   282 | D        | Found a corrupted altar of Lugonu.
   282 | D        | Found a radiant altar of Vehumet.
   283 | D        | Found an ancient bone altar of Kikubaaqudgha.
   283 | D        | Found a hide-covered altar of Uskayaw.
   283 | D        | Found a broken altar of Ashenzari.
   287 | D        | Became a worshipper of Warmaster Okawaru
   335 | D        | Reached skill level 5 in Axes
   444 | D        | Noticed Blork the orc
   448 | D        | Reached skill level 1 in Invocations
   448 | D        | Reached XP level 3. HP: 32/33 MP: 2/2
   456 | D        | Killed Blork the orc
   457 | D        | Reached skill level 6 in Axes
   457 | D        | Reached XP level 4. HP: 41/41 MP: 2/4
   561 | D        | Noticed a flying skull
   561 | D        | Noticed a scorpion
   561 | D        | Noticed a floating eye
   565 | D        | Paralysed by a floating eye for 2 turns
   571 | D        | Paralysed by a floating eye for 2 turns
   577 | D        | Killed a flying skull
   577 | D        | Reached * piety under Okawaru
   578 | D        | Reached skill level 8 in Axes
   578 | D        | Reached skill level 5 in Throwing
   578 | D        | Reached skill level 5 in Armour
   578 | D        | Reached XP level 5. HP: 43/50 MP: 4/7
   579 | D        | Paralysed by a floating eye for 3 turns
   581 | D        | Noticed a floating eye
   585 | D        | Reached skill level 9 in Axes
   585 | D        | Reached XP level 6. HP: 33/58 MP: 5/8
   585 | D        | Paralysed by a floating eye for 3 turns
   590 | D        | Paralysed by a floating eye for 4 turns
   597 | D        | Paralysed by a floating eye for 4 turns
   604 | D        | Paralysed by a floating eye for 2 turns
   608 | D        | Paralysed by a floating eye for 2 turns
   612 | D        | Paralysed by a floating eye for 4 turns
   619 | D        | Paralysed by a floating eye for 4 turns
   623 | D        | Killed a floating eye
   627 | D        | Reached skill level 10 in Axes
   627 | D        | Paralysed by a floating eye for 3 turns
   636 | D        | Reached skill level 5 in Invocations
   636 | D        | Paralysed by a floating eye for 2 turns
   639 | D        | Killed a floating eye
   639 | D        | Reached ** piety under Okawaru
   640 | D        | Reached XP level 7. HP: 43/66 MP: 9/9
  1034 | D        | Reached skill level 11 in Axes
  1339 | D        | Noticed a jumping spider
  1339 | D        | Noticed a troll
  1351 | D        | Killed a jumping spider
  1352 | D        | Reached XP level 8. HP: 55/75 MP: 9/11
  1361 | D        | Killed a troll
  1361 | D        | Reached *** piety under Okawaru
  1362 | D        | Reached skill level 12 in Axes
  1410 | D        | Got the +1 broad axe of Xianiaq {speed, rN++}
  1504 | D        | Noticed an efreet
  1516 | D        | Killed an efreet
  1545 | D        | Noticed Erica
  1557 | D        | Killed Erica
  1557 | D        | Reached **** piety under Okawaru
  1558 | D        | Reached skill level 10 in Fighting
  1558 | D        | Reached skill level 13 in Axes
  1558 | D        | Reached XP level 9. HP: 79/85 MP: 13/13
  1664 | D        | Noticed a five-headed hydra
  1664 | D        | Noticed a cyclops
  1678 | D        | Killed a one-headed hydra
  1679 | D        | Reached skill level 14 in Axes
  1679 | D        | Reached skill level 10 in Armour
  1685 | D        | Killed a cyclops
  1685 | D        | Reached ***** piety under Okawaru
  1686 | D        | Reached skill level 10 in Dodging
  1817 | D        | Noticed Prince Ribbit
  1822 | D        | Killed Prince Ribbit
  1822 | D        | Received a gift from Okawaru
  1823 | D        | Reached skill level 15 in Axes
  1843 | D        | Paralysed by a floating eye for 3 turns
  1848 | D        | Reached XP level 10. HP: 88/96 MP: 15/15
  2207 | D        | Noticed a harpy
  2207 | D        | Noticed a harpy
  2208 | D        | Noticed a harpy
  2208 | D        | Noticed a demonic crawler
  2211 | D        | Killed a harpy
  2213 | D        | Killed a harpy
  2213 | D        | Received a gift from Okawaru
  2214 | D        | Reached skill level 16 in Axes
  2214 | D        | Reached skill level 10 in Throwing
  2221 | D        | Killed a harpy
  2234 | D        | Killed a demonic crawler
  2234 | D        | Identified the +0 hat "Koph" {rF+ Will+ SInv} (Okawaru
                  | gifted it to you in the Dungeon)
  2234 | D        | Received a gift from Okawaru
  2279 | D        | Noticed an orange demon
  2279 | D        | Noticed an orange demon
  2279 | D        | Noticed a demonic crawler
  2296 | D        | Killed a demonic crawler
  2297 | D        | Reached skill level 17 in Axes
  2297 | D        | Reached skill level 10 in Invocations
  2297 | D        | Reached XP level 11. HP: 92/106 MP: 8/17
  2570 | D        | Noticed a bog body
  2576 | D        | Killed a bog body
  2576 | D        | Received a gift from Okawaru
  2577 | D        | Reached skill level 18 in Axes
  2736 | D        | Noticed a two-headed ogre
  2736 | D        | Noticed a four-headed hydra
  2745 | D        | Killed a one-headed hydra
  2752 | D        | Killed a two-headed ogre
  3021 | D        | Noticed a boulder beetle
  3035 | D        | Killed a boulder beetle
  3240 | D        | Noticed a death yak
  3243 | D        | Noticed a death yak
  3245 | D        | Noticed a death yak
  3248 | D        | Killed a death yak
  3249 | D        | Reached skill level 19 in Axes
  3255 | D        | Killed a death yak
  3255 | D        | Received a gift from Okawaru
  3257 | D        | Killed a death yak
  3451 | D        | Noticed a rakshasa
  3465 | D        | Killed a rakshasa
  3466 | D        | Reached XP level 12. HP: 113/118 MP: 19/19
  3547 | D        | Noticed an emperor scorpion
  3547 | D        | Noticed a Killer Klown
  3547 | D        | Noticed a deep troll shaman
  3547 | D        | Noticed a deep troll shaman
  3563 | D        | Killed a Killer Klown
  3564 | D        | Reached skill level 15 in Fighting
  3564 | D        | Reached skill level 20 in Axes
  3565 | D        | Killed a deep troll shaman
  3570 | D        | Killed an emperor scorpion
  3573 | D        | Killed a deep troll shaman
  3744 | D        | Noticed a minotaur
  3744 | D        | Noticed a spriggan defender
  3754 | D        | Noticed a boulder beetle
  3756 | D        | Noticed a death cob
  3764 | D        | Killed a spriggan defender
  3764 | D        | Received a gift from Okawaru
  3765 | D        | Reached skill level 15 in Armour
  3772 | D        | Killed a death cob
  3773 | D        | Reached skill level 21 in Axes
  3781 | D        | Killed a minotaur
  3781 | D        | Identified the +0 ring mail of Skepticism {Str+2 Dex+4}
                  | (Okawaru gifted it to you in the Dungeon)
  3781 | D        | Received a gift from Okawaru
  3819 | D        | Reached XP level 13. HP: 17/130 MP: 17/21
  3821 | D        | HP: 6/130 [slime creature (12)]
  3835 | D        | Reached skill level 15 in Dodging
  3850 | D        | Reached skill level 22 in Axes
  3856 | D        | Noticed an eidolon
  3871 | D        | Killed an eidolon
  4107 | D        | Noticed an orc warlord
  4108 | D        | Noticed an orc warlord
  4140 | D        | Reached skill level 23 in Axes
  4150 | D        | Reached skill level 15 in Throwing
  4154 | D        | Killed an orc warlord
  4158 | D        | Reached ****** piety under Okawaru
  4169 | D        | Killed an orc warlord
  4169 | D        | Identified the +1 ring mail of Crawling {rElec Int+3}
                  | (Okawaru gifted it to you in the Dungeon)
  4169 | D        | Received a gift from Okawaru
  4212 | D        | Reached skill level 24 in Axes
  4483 | D        | Got the +9 orcbow of Kogon {freeze, +Blink}
  4530 | D        | Noticed Nergalle
  4541 | D        | Killed Nergalle
  4548 | D        | Noticed a storm dragon
  4571 | D        | Reached skill level 15 in Invocations
  4571 | D        | Reached XP level 14. HP: 72/144 MP: 24/24
  4576 | D        | HP: 7/144 [yaktaur captain (8)]
  4579 | D        | Killed a storm dragon
  4919 | D        | Got the +2 pair of gloves of Springtime {rCorr}
  4926 | D        | Got the +8 plate armour of the Orcish Mines {rF+}
  5106 | D        | Noticed a spriggan defender
  5112 | D        | Killed a spriggan defender
  5274 | D        | Noticed a shadow dragon
  5278 | D        | Noticed a vampire knight
  5279 | D        | Noticed a purple draconian shifter
  5286 | D        | Killed a vampire knight
  5286 | D        | Received a gift from Okawaru
  5287 | D        | Reached skill level 25 in Axes
  5288 | D        | Killed a shadow dragon
  5294 | D        | Noticed a death cob
  5294 | D        | Paralysed by a floating eye for 3 turns
  5295 | D        | Noticed a stone giant
  5304 | D        | Killed a death cob
  5315 | D        | Killed a purple draconian shifter
  5326 | D        | Identified the +5 battleaxe of Eternal Vigilance {flame,
                  | rElec Will+ Dex+3} (Okawaru gifted it to you in the
                  | Dungeon)
  5326 | D        | Received a gift from Okawaru
  5336 | D        | Killed a stone giant
  5337 | D        | Reached skill level 26 in Axes
  5786 | D        | Got the Omnibus of the Curse
  5909 | D        | Noticed a daeva
  5922 | D        | Killed a daeva
  5983 | D        | Received a gift from Okawaru
  6016 | D        | Received a gift from Okawaru
  6017 | D        | Noticed a balrug
  6022 | D        | Killed from afar by a balrug

Illustrated notes

Levels and vault maps discovered:
D:        pitsprint [storerooms_1, entrance_room_1, metal_vault_6, armoury_2,
          mini_pit_1, grid_room_1, main_hall_1, silver_pit, the_coven_3,
          the_vestibule_1, steel_vault_3, golden_pit, hallway_of_sentries,
          crystal_vault_1, iron_vault_3, final_vault]

Skill      XL: |  1  2  3  4  5  6  7  8  9 10 11 12 13 14 |
---------------+-------------------------------------------+-----
Fighting       | 3 4 6 7 8 10 11 12 14 16 18 20 | 20.3
Axes           | 4 5 6 8 9 10 11 13 15 17 19 21 24 26 | 26.7
Armour         | 1 2 3 5 6 7 9 10 12 14 15 17 19 | 19.6
Dodging        | 4 6 7 8 9 10 11 13 14 16 18 | 18.4
Throwing       | 3 5 6 7 8 9 10 12 13 15 17 | 17.4
Invocations    | 1 2 4 5 6 7 8 10 11 13 15 16 | 16.6

Action                     |  1- 3 |  4- 6 |  7- 9 | 10-12 | 13-15 || total
---------------------------+-------+-------+-------+-------+-------++-------
  Melee: War axe           |    17 |       |       |       |       ||    17
         Headbutt          |     4 |     6 |    29 |    68 |    57 ||   164
         Hand axe          |       |    26 |    55 |       |       ||    81
         Punch             |       |       |     4 |     8 |     8 ||    20
         Broad axe         |       |       |    55 |   181 |   133 ||   369
         Scimitar          |       |       |     7 |     5 |       ||    12
         Battleaxe         |       |       |       |    52 |       ||    52
         Executioner's axe |       |       |       |       |   115 ||   115
  Throw: Throwing net      |     2 |       |       |       |       ||     2
         Boomerang         |       |       |       |     4 |       ||     4
         Javelin           |       |       |       |     3 |     9 ||    12
         Dart              |       |       |       |       |     1 ||     1
 Invoke: Heroism           |       |       |     2 |     4 |     3 ||     9
         Finesse           |       |       |       |     4 |     4 ||     8
    Use: Potion            |       |     2 |       |     5 |    16 ||    23
         Scroll            |       |       |       |     1 |     5 ||     6
   Stab: Invisible         |       |       |       |       |    32 ||    32
         Petrifying        |       |       |       |       |     4 ||     4
         Petrified         |       |       |       |       |     1 ||     1
 Armour: Leather armour    |     1 |       |       |       |       ||     1
         Plate armour      |       |    15 |    92 |   132 |    24 ||   263
         Storm dragon scal |       |       |       |       |    39 ||    39
  Dodge: Dodged            |     4 |    12 |    76 |   142 |   106 ||   340

Table legend: (Time is in decaauts)
 A = Elapsed time spent in this place.
 B = Non-inter-level travel time spent in this place.
 C = Inter-level travel time spent in this place.
 D = Time resting spent in this place.
 E = Time spent auto-exploring this place.
 F = Levels seen in this place.
 G = Mean time per level.
                   A        B        C        D        E       F      G
               +--------+--------+--------+--------+--------+-----+--------+
         Total |   5750 |   5615 |    135 |   3790 |      0 |   1 | 5750.0 |
       Dungeon |   5750 |   5615 |    135 |   3790 |      0 |   1 | 5750.0 |
               +--------+--------+--------+--------+--------+-----+--------+

Top non-repeatable levels by time:
       D: 5750 daAuts
